 Seeded DCSS version 0.31.0-12-g77e489cdc1 (webtiles) character file.

Game seed: 6191535086807984498 (custom seed)

952 McKennaii the Conjurer (level 7, -1/50 HPs)
             Began as a Demigod Conjurer on Feb 29, 2024.
             Slain by a gnoll sergeant
             ... wielding a +1 trident of venom
              (4 damage)
             ... on level 7 of the Dungeon.
             The game lasted 00:04:08 (6562 turns).

McKennaii the Conjurer (Demigod Conjurer)           Turns: 6562, Time: 00:04:09

Health: -1/50      AC:  7    Str:  8    XL:     7   Next: 59%
Magic:  11/18      EV: 12    Int: 28    God:
Gold:   515        SH:  0    Dex: 12    Spells: 10/17 levels left

rFire   . . .        (no weapon)
rCold   . . .        (no shield)
rNeg    . . .        a - +0 robe
rPois   .            f - +0 helmet
rElec   .            x - +0 cloak
rCorr   +            (no gloves)
SInv    .            s - +2 pair of boots
Will    +....        (no amulet)
Stlth   ++           y - ring of willpower
HPRegen 0.28/turn    z - ring of resist corrosion
MPRegen 0.16/turn

%: no passive effects
@: no status effects
A: high MP 1, forlorn, divine attributes
a: no special abilities


You were on level 7 of the Dungeon.
You visited 1 branch of the dungeon, and saw 7 of its levels.
You also visited: Ossuary.

You collected 515 gold pieces.

Inventory:

Armour
 a - a +0 robe (worn)
 f - a +0 helmet (worn)
 s - a +2 pair of boots (worn)
 x - a +0 cloak (worn)
Jewellery
 y - a ring of willpower (left hand)
 z - a ring of resist corrosion (right hand)
 A - a ring of poison resistance
Wands
 F - a wand of acid (5)
Scrolls
 d - 6 scrolls of teleportation {unknown}
 h - 2 scrolls of enchant weapon {unknown}
 i - a scroll of fog {unknown}
 j - 3 scrolls of noise {unknown}
 k - 4 scrolls of identify {unknown}
 m - a scroll of summoning {unknown}
 q - 2 scrolls of revelation {unknown}
 r - a scroll of silence {unknown}
 w - 3 scrolls of enchant armour {unknown}
 B - a scroll of vulnerability {unknown}
 C - a scroll of torment {unknown}
 D - a scroll of blinking {unknown}
 E - a scroll of amnesia {unknown}
Potions
 b - 3 potions of magic
 c - 3 potions of cancellation {unknown}
 e - 2 potions of berserk rage {unknown}
 g - 3 potions of might {unknown}
 l - 2 potions of curing {unknown}
 n - 2 potions of degeneration {unknown}
 o - 2 potions of haste {unknown}
 p - a potion of attraction {unknown}
 t - 2 potions of enlightenment {unknown}
 u - 2 potions of mutation {unknown}
 v - 2 potions of heal wounds {unknown}


   Skills:
 - Level 1.7 Dodging
 - Level 1.7 Stealth
 + Level 5.6 Spellcasting
 + Level 6.9 Conjurations


You had 10 spell levels left.
You knew the following spells:

 Your Spells              Type           Power      Damage    Failure   Level
a - Magic Dart            Conj           100%       1d8       1%          1
b - Searing Ray           Conj           92%        2d7       1%          2
c - Iskenderun's Mystic   Conj/Tloc      27%        2d7       16%         4

Your spell library contained the following spells:

 Spells                   Type           Power      Damage    Failure   Level
 Call Imp                 Summ           14%        N/A       10%         2
 Cigotuvi's Dreadful Rot  Necr/Alch/Air  14%        N/A       10%         2
 Sublimation of Blood     Necr           7%         N/A       10%         2
 Fulminant Prism          Conj/Alch      13%        3d8       16%         4
 Dispel Undead            Necr           7%         3d8       54%         4
 Martyr's Knell           Necr/Summ      7%         N/A       54%         4
 Death Channel            Necr           3%         N/A       100%        6
 Summon Hydra             Summ           3%         N/A       100%        7


Dungeon Overview and Level Annotations

Branches:
Dungeon (7/15)            Ossuary (visited)
 Temple: D:4-7

Shops:
D:2 (   D:5 [:


Innate Abilities, Weirdness & Mutations

You have an increased reservoir of magic. (+10% MP)
You shall have no god before yourself.
Your divine heritage dramatically boosts your attributes as you level up.


Message History

The magic dart hits the gnoll!
The gnoll is severely wounded.
The wyvern hisses angrily.
You hear a shout!
A gnoll comes into view. It is wielding a +0 flail.
A gnoll comes into view. It is wielding a +0 halberd.
The magic dart hits the gnoll.
You kill the gnoll!
The gnoll sergeant shouts!
Casting: Magic Dart (safe; 1% risk of failure)
Confirm with . or Enter, or press ? or * to list all spells.
Aiming: Searing Ray (safe; 1% risk of failure)
Press: ? - help, Shift-Dir - straight line, f - wyvern
Aim: a wyvern (82% to hit)
The searing ray misses the wyvern. (Press . to maintain the ray.)
The wyvern bites you.
A gnoll comes into view. It is wielding a +0 club.
The searing ray hits the wyvern.
The wyvern is moderately wounded.
The gnoll shouts!
The wyvern bites you! x2
The searing ray hits the wyvern.
The wyvern is heavily wounded.
The searing ray hits the gnoll sergeant.
The gnoll sergeant is lightly wounded.
The searing ray hits the gnoll.
The gnoll is lightly wounded.
The wyvern bites you!
* * * LOW HITPOINT WARNING * * *
The searing ray hits the wyvern.
The wyvern is severely wounded.
The searing ray hits the gnoll sergeant.
The gnoll sergeant is moderately wounded.
The searing ray hits the gnoll!
The gnoll is almost dead.
You finish channelling your searing ray.
The wyvern bites you.
* * * LOW HITPOINT WARNING * * *
The gnoll sergeant hits you from afar with a +1 trident of venom.
You die...

...... ......
##### #...g..
#.<.#### .......
#.#....# .gg..
#.####.# .g. #.
#.#########k# ..
#....#....@.# .#
####.......## ..
..................
..
.....###.........#
###. #......##.# #
#.........#
........#.[.
#.......... .
.........


You could see a wyvern, a gnoll sergeant and 3 gnolls.

Vanquished Creatures
  A black bear (D:6)
  2 bullfrogs (D:6)
  A scorpion (D:4)
  A bombardier beetle (D:4)
  4 hounds
  3 jellies
  An iguana (D:5)
  4 orc wizards (D:6)
  8 mummies (Ossuary)
  8 gnolls
  4 adders
  2 dart slugs
  9 orcs
  3 ball pythons
  8 bats
  15 endoplasms
  2 giant cockroaches
  7 goblins
  3 jackals (D:5)
  10 kobolds
  3 quokkas
  8 frilled lizards
  A gnoll zombie (Ossuary)
  2 hobgoblin zombies (Ossuary)
  3 kobold zombies (Ossuary)
  2 orc zombies (Ossuary)
  3 rats
118 creatures vanquished.

Notes
Turn   | Place    | Note
-------+----------+-------------------------------------------
     0 | D:1      | McKennaii the Demigod Conjurer began the quest for the Orb.
     0 | D:1      | Reached XP level 1. HP: 14/14 MP: 5/5
   352 | D:1      | Reached XP level 2. HP: 20/20 MP: 5/7
   397 | D:1      | Learned a level 2 spell: Searing Ray
  1075 | D:2      | Reached skill level 4 in Conjurations
  1077 | D:2      | Reached XP level 3. HP: 26/26 MP: 1/9
  1213 | D:2      | Found Anyoj's Weapon Shoppe.
  1819 | D:2      | Reached XP level 4. HP: 33/33 MP: 7/11
  1824 | D:2      | Learned a level 4 spell: Iskenderun's Mystic Blast
  2669 | D:3      | Reached XP level 5. HP: 38/38 MP: 7/13
  3127 | D:4      | Reached skill level 5 in Conjurations
  3137 | D:4      | Found a sand-covered staircase.
  3148 | Ossuary  | Entered an ossuary
  3912 | D:4      | Reached XP level 6. HP: 33/45 MP: 7/15
  4665 | D:5      | Entered Level 5 of the Dungeon
  4820 | D:5      | Found Afef's Self-Published Books.
  5066 | D:5      | Reached skill level 6 in Conjurations
  5222 | D:5      | Found Asted's Armour Shoppe.
  5515 | D:6      | Reached XP level 7. HP: 50/50 MP: 11/17
  5517 | D:6      | Reached skill level 5 in Spellcasting
  6555 | D:7      | Noticed a wyvern
  6562 | D:7      | Slain by a gnoll sergeant

Illustrated notes

Levels and vault maps discovered:
D:1:      nzn_arrival_crosshair, layout_basic, minmay_distorted
D:2:      cheibrodos_fertilizer, layout_loops_ring, serial_shops,
          nicolae_shop_statue_plus, shapermc_ecumenical_altar_acropolis
D:3:      layout_loops_cross, elyvilon_altar_5
D:4:      layout_basic, minitemple, enter_ossuary_5, minmay_misc_feat_rugged,
          minmay_misc_feat_alley, st_stairs_6, minmay_diced_spiral
D:5:      layout_loops_ring, serial_shops, shop, nicolae_custom_books
D:6:      layout_loops_ring, roderic_batcave
D:7:      layout_rooms, temple_fountains

Skill      XL: |  1  2  3  4  5  6  7 |
---------------+----------------------+-----
Spellcasting   | 2 3 4 5 |  5.6
Conjurations   | 4 5 6 |  6.9
Dodging        | |  1.7
Stealth        | |  1.7

Action                     |  1- 3 |  4- 6 |  7- 9 || total
---------------------------+-------+-------+-------++-------
  Melee: Unarmed           |       |     8 |       ||     8
   Cast: Magic Dart        |    60 |   155 |    35 ||   250
         Searing Ray       |     2 |     9 |     6 ||    17
 Armour: Robe              |     5 |    14 |    18 ||    37
  Dodge: Dodged            |     6 |    16 |    11 ||    33
